 Dungeon Crawl Stone Soup version 0.21-a0-471-gd587bd5 (webtiles) character file.

1391 Lavandula the Magician (level 8, -4/61 HPs)
             Began as an Octopode Transmuter on Nov 21, 2017.
             Slain by a hornet (12 damage)
             ... on level 8 of the Dungeon.
             The game lasted 00:20:26 (7084 turns).

Lavandula the Magician (Octopode Transmuter)        Turns: 7084, Time: 00:20:27

Health: -4/61      AC:  5    Str:  9    XL:     8   Next: 68%
Magic:  18/18      EV: 12    Int: 16    God:
Gold:   385        SH:  0    Dex: 14    Spells: 3/21 levels left

rFire    x . .     SeeInvis .     - Unarmed
rCold    + + +     Gourm    .   (shield currently unavailable)
rNeg     . . .     Faith    .   (helmet currently unavailable)
rPois    +         Spirit   .   A - amulet of magic regeneration
rElec    .         Reflect  .   (no ring)
rCorr    .         Harm     .   y - ring of wizardry
MR       .....                  (no ring)
Stlth    +.........             (no ring)
HPRegen  0.20/turn              (no ring)
MPRegen  0.41/turn              (no ring)
                                (no ring)
                                (no ring)

@: about to teleport, ice-form (expiring)
A: almost no armour, stealthy swim, amphibious, 8 rings, (constrict 8)
a: End Transformation


You were on level 8 of the Dungeon.
You were hungry.
You were a creature of crystalline ice.
You visited 2 branches of the dungeon, and saw 9 of its levels.
You also visited: Ossuary.

You collected 385 gold pieces.

Inventory:

Missiles
 a - 46 arrows
 q - 2 throwing nets (quivered)
Jewellery
 g - an uncursed amulet of faith
 y - a ring of wizardry (right front paw)
 A - an amulet of magic regeneration (around neck)
Wands
 o - a wand of disintegration (10)
Scrolls
 i - 6 scrolls of remove curse
 k - 7 scrolls of amnesia
 l - a scroll of fog
 m - 2 scrolls of enchant weapon
 t - 2 scrolls of magic mapping
 v - 2 scrolls of immolation
 C - a scroll of enchant armour {unknown}
 E - a scroll of identify
Potions
 f - 2 potions of flight {unknown}
 h - 8 potions of curing
 j - a potion of lignification {unknown}
 p - 2 potions of agility {unknown}
 r - 3 potions of might {unknown}
 s - a potion of invisibility
 w - a potion of berserk rage {unknown}
 z - a potion of haste
 D - a potion of brilliance {unknown}
 G - a potion of mutation {unknown}
Books
 b - a book of Changes

   Spells                             Type                      Level
   a - Beastly Appendage              Transmutation                1
   b - Sticks to Snakes               Transmutation                2
   c - Spider Form                    Transmutation/Poison         3
   d - Ice Form                       Ice/Transmutation            4
   e - Blade Hands                    Transmutation                5
 u - a book of Cantrips

   Spells                             Type                      Level
   a - Confusing Touch                Hexes                        1
   b - Animate Skeleton               Necromancy                   1
   c - Summon Small Mammal            Summoning                    1
   d - Apportation                    Translocation                1
 x - a book of Maledictions

   Spells                             Type                      Level
   a - Corona                         Hexes                        1
   b - Ensorcelled Hibernation        Hexes/Ice                    2
   c - Confuse                        Hexes                        3
   d - Tukima's Dance                 Hexes                        3
   e - Dazzling Spray                 Conjuration/Hexes            3
Comestibles
 c - 9 bread rations
 d - 4 fruits
 n - 3 meat rations


   Skills:
 - Level 2.4 Fighting
 - Level 4.0 Dodging
 - Level 5.1 Unarmed Combat
 - Level 7.0 Spellcasting
 + Level 4.4 Transmutations


You had 3 spell levels left.
You knew the following spells:

 Your Spells              Type           Power        Failure   Level  Hunger
a - Beastly Appendage     Tmut           ###...       1%          1    None
b - Sticks to Snakes      Tmut           ###.....     1%          2    None
c - Ice Form              Ice/Tmut       ##......     19%         4    ####...
d - Confusing Touch       Hex            #.....       4%          1    None
e - Animate Skeleton      Necr           N/A          4%          1    None
f - Confuse               Hex            #.......     16%         3    ##.....
g - Apportation           Tloc           #.....       4%          1    None
h - Blade Hands           Tmut           ###.......   21%         5    #####..


Dungeon Overview and Level Annotations

Branches:
Dungeon (8/15)             Temple (1/1) D:5
   Lair: D:8-11

Altars:
Ashenzari
Cheibriados
Dithmenos
Elyvilon
Fedhas
Gozag
Hepliaklqana
Kikubaaqudgha
Makhleb
Nemelex Xobeh
Okawaru
Sif Muna
Vehumet
Wu Jian
Xom
Yredelemnul
The Shining One

Annotations:
D:4 exclusion: ogre


Innate Abilities, Weirdness & Mutations

You cannot wear most types of armour.
You are very stealthy in the water. (Stealth+)
You are amphibious.
You can wear up to eight rings at the same time.
((You can use your tentacles to constrict eight enemies at once.))
((Your skin changes colour to match your surroundings (Stealth+).))
((Your rubbery body absorbs attacks. (AC +1, EV +1)))


Message History

Beogh smites you!
* * * LOW HITPOINT WARNING * * *
The orc warrior barely misses you.
Okay, then.
The orc priest looks encouraged for a moment.
The orc warrior hits you with a hand axe.
* * * LOW HITPOINT WARNING * * *
You climb downwards.
A hornet and a giant cockroach come into view.
Found 11 gold pieces and 19 sling bullets.
There is a stone staircase leading up here.
Okay, then.
Evoke which item? (* to show all) (? for menu, Esc to quit)
Okay, then.
As you read the scroll labeled MOOSYG UMAOCOPP, it crumbles to dust.
You feel strangely unstable.
It was a scroll of teleportation.
The orc warrior barely misses you.
The hornet buzzes angrily.
The hornet stings you!
You die...

##########
........# #.
#.......#
#..##.......#
#...s...$...#
#..oy...#
#...Y...#
#.......#
#.......#
#.......#
#....(..#
######.#.
.... ...##


You could see a hornet, an orc warrior and a giant cockroach.

Vanquished Creatures
  Duvessa (D:6)
  A bullfrog (D:6)
  Dowan (D:6)
  5 killer bees (D:7)
  6 crimson imps
  A bullfrog zombie (D:7)
  A bullfrog skeleton (D:4)
  A hound (D:7)
  2 orc wizards
  A centaur skeleton (D:6)
  2 iguanas
  3 worker ants
  A hound zombie (D:6)
  12 mummies (Ossuary)
  4 gnolls
  An adder (D:3)
  2 shadow imps (D:7)
  An adder zombie (D:7)
  2 adder skeletons
  3 worms
  3 dart slugs
  A leopard gecko (D:4)
  2 orcs (D:7)
  7 giant cockroaches
  6 goblins
  7 hobgoblins
  12 jackals
  4 quokkas
  A ball python (D:4)
  11 bats
  4 frilled lizards
  A goblin skeleton (Ossuary)
  A jackal skeleton (D:7)
  3 kobolds
  3 kobold skeletons (Ossuary)
  2 leopard gecko skeletons (D:4)
  3 orc skeletons (Ossuary)
  4 rats
  11 rat skeletons (Ossuary)
137 creatures vanquished.

Vanquished Creatures (collateral kills)
  A crimson imp (D:4)
  2 mummies (Ossuary)
  A gnoll (D:4)
  A kobold skeleton (Ossuary)
5 creatures vanquished.

Vanquished Creatures (others)
  An ogre (D:7)
1 creature vanquished.

Grand Total: 143 creatures vanquished

Notes
Turn   | Place    | Note
-------+----------+-------------------------------------------
     0 | D:1      | Lavandula the Octopode Transmuter began the quest for the Orb.
     0 | D:1      | Reached XP level 1. HP: 13/13 MP: 3/3
    75 | D:1      | Reached XP level 2. HP: 16/18 MP: 5/5
   102 | D:1      | Learned a level 2 spell: Sticks to Snakes
   498 | D:1      | Reached XP level 3. HP: 23/23 MP: 4/6
  1618 | D:3      | Reached XP level 4. HP: 24/28 MP: 7/7
  1624 | D:3      | Learned a level 4 spell: Ice Form
  1921 | D:3      | Reached skill level 5 in Unarmed Combat
  2520 | D:4      | Reached XP level 5. HP: 26/35 MP: 6/8
  2744 | D:4      | Noticed an ogre
  3210 | D:4      | Found a shimmering altar of Xom.
  3239 | D:4      | Reached XP level 6. HP: 19/41 MP: 9/9
  3336 | D:4      | Learned a level 1 spell: Apportation
  3338 | D:4      | Learned a level 1 spell: Animate Skeleton
  3835 | D:4      | Reached skill level 3 in Spellcasting
  3839 | D:4      | Learned a level 1 spell: Confusing Touch
  4242 | D:5      | Entered Level 5 of the Dungeon
  4253 | D:5      | Found a basalt altar of Yredelemnul.
  4266 | D:5      | Found a sand-covered staircase.
  4290 | Ossuary  | Entered an ossuary
  4941 | Ossuary  | Reached XP level 7. HP: 43/45 MP: 9/12
  4946 | Ossuary  | Learned a level 3 spell: Confuse
  5326 | Ossuary  | Reached skill level 4 in Spellcasting
  5537 | D:5      | Found a staircase to the Ecumenical Temple.
  5543 | Temple   | Entered the Ecumenical Temple
  5873 | D:6      | Noticed Dowan
  5876 | D:6      | Noticed Duvessa
  5887 | D:6      | Killed Duvessa
  5889 | D:6      | Killed Dowan
  5889 | D:6      | Reached skill level 5 in Spellcasting
  6003 | D:6      | Found a snail-covered altar of Cheibriados.
  6405 | D:7      | Reached skill level 6 in Spellcasting
  6405 | D:7      | Reached XP level 8. HP: 51/51 MP: 11/17
  6534 | D:7      | Reached skill level 7 in Spellcasting
  6584 | D:7      | Learned a level 5 spell: Blade Hands
  7082 | D:8      | Noticed a hornet
  7084 | D:8      | Slain by a hornet

Vault maps used:
D:1:      lemuel_arrival_funnel, kennysheep_small_spiral
D:2:      serial_glass, glass_columns_b, glass_columns_a, glass_columns_a,
          glass_columns_b, glass_columns_a, glass_columns_a
D:3:      first_bread
D:4:      corner_web_ring, led_xom_imps
D:5:      lemuel_round_altar, minmay_temple_entry_nine_rooms,
          nicolae_ossuary_entry_ruins
D:6:      old_standard_altar, amethyst_killhole, uniq_duvessa
D:7:      dancing_weapons_uskayaw, grunt_ogre_cave,
          hangedman_abyss_or_decor_passed, grunt_decor_one_mirror,
          nemelex_dance_club_becter
D:8:      nicolae_qazlal_style_of_elements, lemuel_doored_altar,
          kennysheep_mini_moat, uniq_pikel
Temple:   regret_index_temple_generic_petals
Ossuary:  ossuary_due_small_catacomb

Skill      XL: |  1  2  3  4  5  6  7  8 |
---------------+-------------------------+-----
Unarmed Combat | 4 5 |  5.1
Fighting       | 2 |  2.4
Dodging        | 3 4 |  4.0
Spellcasting   | 3 6 7 |  7.0
Transmutations | 4 |  4.4

Action                   |  1- 3 |  4- 6 |  7- 9 || total
-------------------------+-------+-------+-------++-------
Melee: Unarmed           |    87 |   153 |   133 ||   373
       Constrict         |    32 |    32 |    14 ||    78
       Tentacles         |     9 |    30 |    16 ||    55
       Kick              |    16 |    26 |    15 ||    57
       Punch             |     2 |     2 |     1 ||     5
 Cast: Beastly Appendage |    14 |    15 |     7 ||    36
       Sticks to Snakes  |       |    26 |       ||    26
       Ice Form          |       |     1 |    12 ||    13
       Confusing Touch   |       |     1 |     1 ||     2
       Confuse           |       |       |     1 ||     1
 Abil: End Transformatio |       |       |     1 ||     1
  Use: Scroll            |     5 |     4 |     2 ||    11
       Potion            |       |       |     3 ||     3
 Stab: Sleeping          |    10 |     8 |     4 ||    22
       Confused          |       |     1 |     1 ||     2
  Eat: Chunk             |     2 |     5 |     6 ||    13
       Meat ration       |       |     1 |     1 ||     2
       Royal jelly       |       |     1 |       ||     1
Armor: Skin              |    13 |    16 |    34 ||    63
Dodge: Dodged            |    45 |    83 |    68 ||   196

Table legend:
 A = Spawn XP
 B = Non-spawn XP
 C = Spawn XP percentage of total XP
 D = Spawn monster count
 E = Non-spawn monster count
 F = Spawn count percentage of total count
 G = Total turns spent on level
                    A         B        C        D         E        F      G
               +---------+---------+-------+---------+---------+-------+---------
         Total |       0 |    1988 |   0.0 |       0 |     140 |   0.0 |  7084
               +---------+---------+-------+---------+---------+-------+---------
           D:1 |       0 |      46 |   0.0 |       0 |      25 |   0.0 |  1047
           D:2 |       0 |      24 |   0.0 |       0 |      13 |   0.0 |   475
           D:3 |       0 |      81 |   0.0 |       0 |      21 |   0.0 |  1078
           D:4 |       0 |     357 |   0.0 |       0 |      19 |   0.0 |  1642
           D:5 |       0 |       7 |   0.0 |       0 |       2 |   0.0 |   173
           D:6 |       0 |     456 |   0.0 |       0 |       8 |   0.0 |   661
           D:7 |       0 |     770 |   0.0 |       0 |      19 |   0.0 |   631
       Ossuary |       0 |     247 |   0.0 |       0 |      33 |   0.0 |  1165
               +---------+---------+-------+---------+---------+-------+---------
